 Dungeon Crawl Stone Soup version 0.15.0-12-gccce430 (webtiles) character file.

87 Hullebuh the Shield-Bearer (level 4, 0/37 HPs)
             Began as a Formicid Fighter on Sept 2, 2014.
             Killed by nerve-wracking pain
             ... invoked by an orc priest
              (8 damage)
             ... on Level 3 of the Dungeon.
             The game lasted 00:06:43 (2241 turns).

Hullebuh the Shield-Bearer (Formicid Fighter)       Turns: 2241, Time: 00:06:43

HP   0/37        AC 11     Str 24      XL: 4   Next: 80%
MP   5/5         EV  7     Int  9      God:
Gold 116         SH 10     Dex 10      Spells:  0 memorised,  3 levels left

rFire  . . .     SeeInvis +     a - +0 war axe
rCold  . . .     Clarity  .     b - +0 scale mail
rNeg   . . .     rCorr    .     c - +0 shield
rPois  .         rRot     .     (helmet unavailable)
rElec  .         Spirit   .     (no cloak)
SustAb .         Warding  .     x - +2 pair of gloves
rMut   .         Stasis   +     i - +0 pair of boots
Gourm  .                        (no amulet)
MR     .....                    (no ring)
                                u - +4 ring of strength

@: not resistant to hostile enchantments, extremely unstealthy
A: permanent stasis, dig shafts and tunnels, four strong arms, antennae 3
a: Dig, Shaft Self


You were on level 3 of the Dungeon.
You were hungry.

You visited 1 branch of the dungeon, and saw 3 of its levels.

You collected 116 gold pieces.

Inventory:

Hand weapons
 a - a +0 war axe (weapon)
Missiles
 k - 31 stones (quivered)
Armour
 b - a +0 scale mail (worn)
 c - a +0 shield (worn)
 i - a +0 pair of boots (worn)
 x - a +2 pair of gloves (worn)
Magical devices
 v - a wand of teleportation (5) {unknown}
Comestibles
 d - 2 bread rations
 g - 4 meat rations
 j - 2 slices of pizza
 n - a chunk of ball python flesh
 z - a chunk of rat flesh
 A - 2 chunks of hobgoblin flesh
Scrolls
 f - 2 scrolls of identify
 h - a scroll of fear {unknown}
 p - a scroll of remove curse {unknown}
 r - a scroll of fog {unknown}
 s - 4 scrolls of teleportation {unknown}
 t - a scroll of recharging {unknown}
 y - a scroll of amnesia {unknown}
Jewellery
 u - a +4 ring of strength (left hand)
Potions
 e - 2 potions of might
 l - 2 potions of cancellation {unknown}
 m - a potion of restore abilities {unknown}
 o - a potion of invisibility {unknown}
 q - a potion of agility {unknown}
 w - a potion of curing {unknown}


   Skills:
 + Level 4.0 Fighting
 * Level 3.0 Axes
 + Level 3.7 Armour
 + Level 4.5 Shields


You had 3 spell levels left.
You didn't know any spells.

Dungeon Overview and Level Annotations

Branches:
Dungeon (3/15)

Altars:


Innate Abilities, Weirdness & Mutations

Your are under a permanent stasis effect.
You can dig through walls and to a lower floor.
Your four strong arms can wield two-handed weapons with a shield.
You have a pair of large antennae on your head (SInv).


Message History

You are too injured to fight recklessly!
You slash the orc!
You kill the orc!
You hit the orc.
You kill the orc!
Your Fighting skill increases to level 4!
The orc priest mumbles some strange prayers to Beogh against you.
You barely resist.
Things that are here:
a flail; an orc corpse Unknown command.
Your shield prevents you from hitting the orc priest.
The orc priest mumbles some strange prayers to Beogh.
You feel a wave of unholy energy pass over you.
You closely miss the orc priest.
The orc priest utters an invocation to Beogh.
You feel a wave of unholy energy pass over you.
The orc priest calls down the wrath of Beogh upon you.
Pain shoots through your body!
You die...

#. ##. #...## #... #..##.
#.)).# ####
##.....####....###
........#.........#
.##.####............#
..................#.#####
.#######.#.....####......
#.......# #######
#@)#....# #o...#.##
#.#.##.# #.#.# . #.#.#
#.#.# #.# ... ..#


You could see an orc priest.

Vanquished Creatures
  An adder (D:2)
  4 worms
  2 orcs (D:3)
  5 bats
  3 giant cockroaches
  9 hobgoblins
  8 kobolds
  An ooze (D:3)
  2 ball pythons
  A giant gecko (D:1)
  2 giant newts (D:1)
  4 goblins
  12 rats
54 creatures vanquished.

Notes
Turn   | Place    | Note
--------------------------------------------------------------
     0 | D:1      | Hullebuh, the Formicid Fighter, began the quest for the Orb.
     0 | D:1      | Reached XP level 1. HP: 18/18 MP: 1/1
   233 | D:1      | Reached XP level 2. HP: 18/24 MP: 3/3
   425 | D:1      | Reached skill level 4 in Shields
   827 | D:1      | Reached XP level 3. HP: 29/29 MP: 4/4
  1616 | D:2      | Reached XP level 4. HP: 24/37 MP: 5/5
  2241 | D:3      | Killed from afar by an orc priest

Action                   |  1- 3 |  4- 6 || total
-------------------------+-------+-------++-------
Melee: War axe           |   114 |    52 ||   166
  Use: Scroll            |       |     1 ||     1
  Eat: Chunk             |     2 |     2 ||     4
